Map: Arctic Dream LE

Players

Massa - Winner!

  • Race: Terran Terran
  • League: Gold
  • Spawn Location: 6:00

qqq - Winner!

  • Race: Zerg Zerg
  • League: Platinum
  • Spawn Location: 5:00

BattleMage

  • Race: Protoss Protoss
  • League: Diamond
  • Spawn Location: 12:00

KlinWild

  • Race: Zerg Zerg
  • League: Platinum
  • Spawn Location: 11:00

VOD

Have the link to the VOD?

Description

Time

  • Played on: May 21, 2020, 12:21 p.m.
  • Length: 5:32
Show
View Real Time Build Order
Export as new Build Order

Massa Terran - Winner!

Build Orders:  

Get SALT Encoding   

  12  0:11  Supply Depot  
  12  0:13  SCV  
  13  0:25  SCV  
  14  0:34  Barracks  
  14  0:37  SCV  
  15  0:49  SCV  
  16  0:55  Supply Depot  
  16  1:01  SCV  
  17  1:13  SCV  
  18  1:21  Marine  
  19  1:25  SCV, Barracks  
  20  1:37  SCV  
  20  1:39  Marine  
  22  1:45  Barracks  
  22  1:48  Barracks  
  22  1:57  Marine  
  23  2:14  Marine x2  
  25  2:18  Refinery  
  25  2:21  Supply Depot  
  25  2:23  Supply Depot  
  25  2:36  Marine x4  
  29  2:54  Marine x4  
  33  3:06  Supply Depot  
  33  3:12  Marine x4  
  37  3:29  Marine x2  
  37  3:30  Marine x2  
  41  3:34  Orbital Command  
  41  3:47  Marine x3  
  41  3:48  Marine  
  45  4:05  Marine x4  
  49  4:23  Marine x4  
  53  4:41  Marine x2  
  55  4:59  Supply Depot  
  59  5:21  Supply Depot  
Show
View Real Time Build Order
Export as new Build Order

qqq Zerg - Winner!

Build Orders: Hatch First 

Get SALT Encoding   

  12  0:02  Drone  
  13  0:09  Drone  
  14  0:36  Hatchery  
  13  0:50  Spawning Pool  
  12  0:59  Overlord  
  12  1:03  Drone  
  13  1:09  Drone  
  14  1:22  Drone  
  14  1:23  Drone  
  16  1:26  Extractor  
  15  1:33  Drone  
  16  1:40  Queen  
  18  1:48  Queen  
  18  1:51  Drone  
  21  1:59  Drone  
  22  2:03  Drone x2  
  22  2:06  Zergling x2  
  25  2:11  Zergling x2  
  26  2:16  Zergling x2  
  27  2:23  Zergling x2  
  28  2:34  Overlord  
  28  2:43  Overlord  
  28  2:45  Metabolic Boost  
  28  2:52  Baneling Nest  
  28  2:54  Zergling x8  
  28  2:57  Drone  
  32  3:00  Zergling x2  
  32  3:04  Drone  
  34  3:08  Zergling x2  
  34  3:12  Zergling x2  
  36  3:16  Zergling x2  
  36  3:17  Zergling x2  
  38  3:26  Zergling x2  
  39  3:27  Zergling x4  
  39  3:28  Zergling x2  
  42  3:41  Zergling x2  
  42  3:43  Zergling x2  
  44  3:57  Overlord x3  
  44  4:13  Overlord x3  
  43  4:21  Zergling x4  
  43  4:22  Zergling x6  
  47  4:42  Zergling x2  
  47  4:43  Zergling x4  
  47  4:44  Baneling x2  
  47  4:45  Baneling x4  
  50  5:03  Zergling x4  
  50  5:04  Zergling x4  
  53  5:14  Baneling x3  
Show
View Real Time Build Order
Export as new Build Order

BattleMage Protoss 

Build Orders: Nexus First 

Get SALT Encoding   

  12  0:01  Probe  
  13  0:13  Probe  
  14  0:22  Pylon  
  14  0:25  Probe (Chrono Boost)  
  15  0:39  Probe (Chrono Boost)  
  17  0:50  Probe  
  17  0:59  Nexus  
  17  1:10  Gateway  
  17  1:14  Probe  
  18  1:19  Assimilator  
  18  1:27  Probe (Chrono Boost)  
  19  1:37  Probe (Chrono Boost), Pylon  
  21  1:54  Probe  
  21  2:02  Cybernetics Core  
  21  2:06  Probe (Chrono Boost)  
  23  2:17  Probe (Chrono Boost), Nexus  
  23  2:21  Probe (Chrono Boost)  
  24  2:29  Probe (Chrono Boost)  
  26  2:30  Probe (Chrono Boost)  
  26  2:34  Probe (Chrono Boost)  
  27  2:38  Probe  
  27  2:39  Assimilator  
  28  2:46  Probe  
  28  2:50  Probe  
  30  2:58  Probe, Stargate  
  31  3:07  Assimilator  
  31  3:10  Probe (Chrono Boost)  
  31  3:11  Assimilator  
  33  3:15  Probe (Chrono Boost)  
  34  3:20  Probe (Chrono Boost)  
  34  3:25  Probe (Chrono Boost), Pylon  
  35  3:37  Probe (Chrono Boost)  
  35  3:39  Probe (Chrono Boost)  
  38  3:45  Probe (Chrono Boost)  
  38  3:46  Probe (Chrono Boost), Stargate  
  38  3:47  Probe (Chrono Boost)  
  40  3:51  Shield Battery  
  40  3:52  Probe (Chrono Boost)  
  40  3:58  Forge  
  32  4:21  Probe (Chrono Boost)  
  32  4:23  Probe (Chrono Boost)  
  32  4:29  Pylon  
  32  4:30  Probe (Chrono Boost)  
  32  4:31  Pylon x2  
  34  4:33  Probe (Chrono Boost)  
  12  4:49  Nexus  
Show
View Real Time Build Order
Export as new Build Order

KlinWild Zerg 

Build Orders: Hatch First 

Get SALT Encoding   

  12  0:01  Drone  
  13  0:13  Overlord  
  13  0:19  Drone  
  14  0:34  Drone x2  
  16  0:35  Drone  
  17  0:43  Extractor  
  16  0:56  Hatchery  
  15  0:59  Drone  
  15  1:02  Drone  
  17  1:08  Drone  
  18  1:20  Drone  
  19  1:32  Drone  
  20  1:36  Spawning Pool  
  19  1:52  Hatchery  
  18  2:13  Drone  
  18  2:14  Drone x3  
  22  2:19  Overlord  
  22  2:22  Queen  
  24  2:31  Metabolic Boost  
  24  2:40  Queen  
  24  2:42  Drone  
  24  2:43  Zergling x2  
  28  3:08  Drone  
  28  3:09  Drone x6  
  28  3:12  Queen  
  37  3:15  Overlord  
  37  3:31  Queen  
  39  3:34  Drone  
  39  3:35  Drone x5  
  39  3:38  Extractor  
  39  3:40  Extractor  
  43  3:45  Spore Crawler  
  42  3:49  Spore Crawler  
  41  4:02  Zergling x2  
  41  4:03  Zergling x4  
  41  4:06  Spine Crawler  
  41  4:09  Spine Crawler  
  39  4:17  Queen  
  39  4:23  Zergling x2  
  39  4:24  Zergling x6  
  43  4:27  Spine Crawler  
  43  4:28  Spine Crawler  
  41  4:32  Zergling x2  
  41  4:33  Zergling x4  
  41  4:37  Roach Warren  
  43  4:42  Zergling x2  
  43  4:44  Overlord x2  
Tags
 
Add a new tag
Caveats
  • Supply blocks, unpowered buildings, or Contaminate may cause inaccurate times.
  • Supply counts are checked every 10 seconds.